Map: Orbital Shipyard

Players

LilDicky - Winner!

  • Race: Terran Terran
  • League: Diamond

Jokerx

  • Race: Zerg Zerg
  • League: Platinum

VOD

http://www.twitch.tv/tumescentpie

Description

Time

  • Played on: Nov. 25, 2015, 8:25 p.m.
  • Length: 14:31
Show
View Real Time Build Order
Export as new Build Order

LilDicky Terran - Winner!

Build Orders: 1/1/1, Cyclone Opening, Mech 

Get SALT Encoding   

  12  0:02  SCV  
  13  0:14  SCV  
  14  0:23  Supply Depot  
  14  0:27  SCV  
  15  0:40  Refinery  
  15  0:44  SCV  
  15  0:46  Barracks  
  16  0:56  SCV  
  17  1:06  Refinery  
  17  1:09  SCV  
  18  1:21  SCV  
  19  1:33  Supply Depot, Marine  
  19  1:36  Orbital Command  
  20  1:43  Factory  
  20  1:52  Barracks Tech Lab  
  20  2:04  Supply Depot  
  20  2:18  SCV  
  20  2:21  Marine  
  22  2:28  Starport  
  22  2:33  Cyclone  
  22  2:36  SCV  
  26  2:39  Marine  
  27  2:48  SCV  
  28  2:56  Marine  
  29  3:00  SCV  
  29  3:05  Cyclone  
  33  3:10  Liberator  
  33  3:14  Marine  
  33  3:19  Supply Depot  
  34  3:32  Marine  
  38  3:42  Hellion  
  38  3:43  SCV  
  41  3:50  Command Center  
  41  3:55  Marine  
  42  4:00  SCV  
  43  4:06  Liberator  
  43  4:14  Siege Tank  
  49  4:46  Marine  
  49  4:49  Siege Tank  
  49  4:50  SCV  
  54  4:59  Refinery  
  54  5:01  Refinery  
  54  5:03  SCV  
  46  5:14  Marine  
  46  5:21  Siege Tank  
  50  5:33  Marine  
  51  5:36  SCV  
  46  5:47  Starport Tech Lab  
  46  5:49  SCV  
  46  5:51  Marine  
  46  5:53  Factory, Siege Tank  
  46  5:56  Orbital Command  
  47  6:02  Command Center  
  47  6:20  SCV  
  48  6:26  SCV  
  48  6:32  SCV  
  50  6:35  Siege Tank  
  50  6:36  Banshee  
  50  6:38  SCV, Cloaking Field  
  57  6:44  SCV  
  58  6:50  SCV  
  56  7:05  SCV x2  
  58  7:13  Siege Tank  
  58  7:14  Factory Reactor  
  61  7:17  SCV x2  
  61  7:20  Factory  
  63  7:25  Banshee  
  63  7:29  SCV x2  
  68  7:42  SCV x2  
  70  7:44  Marine  
  70  7:47  Siege Tank  
  74  7:52  Armory  
  74  7:53  Armory  
  74  7:54  SCV  
  75  7:59  Supply Depot  
  75  8:13  SCV x2  
  75  8:14  Banshee  
  80  8:30  SCV  
  80  8:31  SCV  
  82  8:54  Siege Tank  
  85  8:56  Hellion x2  
  85  8:58  SCV  
  85  8:59  Factory Tech Lab, Orbital Command  
  85  9:00  SCV  
  91  9:10  SCV  
  91  9:15  SCV  
  93  9:19  Refinery  
  93  9:21  Refinery  
  93  9:25  Stimpack, Starport Reactor  
  93  9:29  Marine  
  93  9:30  SCV x2, Siege Tank x2  
  102  9:38  SCV  
  103  9:41  Terran Vehicle Weapons Level 1  
  103  9:42  Terran Vehicle And Ship Armor Level 1, SCV  
  103  9:43  Supply Depot, SCV  
  105  9:46  Command Center, Supply Depot  
  105  9:55  SCV x2, Marine  
  108  10:04  Siege Tank  
  76  10:38  Liberator x2  
  76  10:41  Hellion x2, Siege Tank x2  
  92  10:59  SCV x2  
  92  11:00  Command Center  
  92  11:02  Hellion x2  
  92  11:03  Factory  
  95  11:06  Factory, Orbital Command  
  95  11:08  Factory  
  95  11:10  Command Center  
  95  11:11  Supply Depot  
  92  11:13  Siege Tank x2  
  98  11:24  SCV  
  99  11:26  Liberator x2  
  99  11:27  SCV  
  99  11:28  SCV  
  101  11:37  Terran Vehicle Weapons Level 2, Terran Vehicle And Ship Armor Level 2  
  101  11:38  SCV  
  102  11:41  SCV x2  
  102  11:45  Siege Tank  
  113  12:01  Supply Depot  
  113  12:04  Factory Reactor x2  
  113  12:05  Factory Reactor  
  113  12:07  Hellion x3  
  119  12:08  Engineering Bay  
  119  12:09  Liberator  
  119  12:18  Liberator  
  116  12:37  Hellion x4  
  120  12:57  Widow Mine x2  
  120  12:58  Siege Tank x2, Widow Mine x3  
  124  13:05  Liberator x2  
  133  13:24  Widow Mine x3  
  133  13:26  Widow Mine  
  147  13:30  Siege Tank x2  
  153  13:49  Missile Turret  
  153  13:52  Refinery  
  153  13:53  Sensor Tower, Missile Turret  
  153  13:55  Missile Turret  
  153  13:56  Command Center, Refinery, Missile Turret  
  153  13:57  Command Center, Widow Mine  
  153  13:58  Missile Turret, Widow Mine x3  
  153  13:59  Missile Turret  
  153  14:01  Sensor Tower  
  173  14:15  Missile Turret  
Show
View Real Time Build Order
Export as new Build Order

Jokerx Zerg 

Build Orders: Hatch First 

Get SALT Encoding   

  12  0:02  Drone  
  13  0:12  Overlord  
  13  0:17  Drone  
  14  0:30  Drone x2  
  16  0:36  Drone  
  17  0:53  Hatchery  
  16  1:01  Drone  
  17  1:10  Spawning Pool  
  16  1:13  Drone  
  17  1:19  Drone  
  17  1:20  Drone  
  19  1:27  Extractor  
  19  1:28  Drone  
  19  1:38  Drone  
  20  1:49  Drone  
  21  2:01  Hatchery  
  21  2:04  Queen  
  22  2:10  Queen  
  22  2:15  Zergling x2  
  25  2:17  Drone  
  25  2:20  Drone  
  27  2:23  Drone  
  27  2:29  Metabolic Boost  
  28  2:35  Overlord  
  28  2:41  Overlord  
  28  2:57  Drone  
  28  2:58  Drone x2  
  33  3:00  Drone  
  33  3:03  Drone x2  
  34  3:08  Baneling Nest  
  34  3:09  Drone  
  34  3:12  Drone  
  34  3:15  Drone  
  34  3:16  Drone  
  34  3:19  Overlord  
  36  3:22  Drone  
  36  3:24  Drone  
  36  3:26  Drone  
  39  3:28  Drone  
  39  3:31  Drone  
  41  3:35  Overlord  
  41  3:41  Lair  
  41  3:42  Drone  
  41  3:43  Drone  
  41  3:46  Zergling x2  
  41  3:47  Drone  
  45  3:52  Queen  
  47  3:55  Overlord  
  47  3:58  Drone  
  47  4:00  Drone x2  
  47  4:02  Drone  
  51  4:03  Drone  
  51  4:05  Drone  
  51  4:06  Drone  
  54  4:10  Drone x2  
  54  4:11  Extractor x2  
  54  4:12  Drone  
  54  4:14  Drone  
  54  4:16  Zergling x2  
  57  4:19  Overlord  
  57  4:21  Zergling x4  
  57  4:22  Zergling x2  
  57  4:24  Zergling x2  
  61  4:25  Zergling x2  
  61  4:30  Zergling x4  
  61  4:31  Zergling x2  
  60  4:39  Baneling, Zergling x6  
  60  4:42  Baneling x3  
  60  4:43  Baneling x3  
  60  4:44  Zergling x2  
  56  4:50  Zergling x4  
  56  4:51  Zergling x2  
  58  4:56  Roach Warren  
  58  4:57  Overlord x2  
  57  5:02  Zergling x2  
  52  5:10  Zergling x4  
  51  5:14  Queen  
  51  5:18  Zergling x4  
  51  5:19  Zergling x2  
  56  5:23  Extractor  
  56  5:24  Extractor  
  56  5:26  Zergling x2  
  54  5:34  Zergling x12  
  53  5:45  Zergling x6  
  55  5:50  Zergling x2  
  55  5:54  Roach x3  
  55  5:55  Roach  
  56  6:15  Zergling x2  
  56  6:16  Ravager  
  56  6:17  Ravager  
  59  6:24  Overlord x2  
  52  6:34  Roach  
  52  6:35  Ravager  
  52  6:38  Zergling x6  
  52  6:39  Zergling x2  
  59  6:51  Roach x3  
  65  6:56  Extractor  
  64  7:02  Overlord x2  
  64  7:13  Zergling x2  
  65  7:22  Queen  
  67  7:27  Hatchery  
  66  7:30  Evolution Chamber x2  
  66  7:31  Drone x2, Hydralisk Den  
  66  7:32  Drone x2, Overlord x2  
  66  7:35  Roach x2  
  66  7:36  Ravager x3  
  74  7:43  Queen  
  76  7:48  Hatchery  
  76  7:49  Drone x2  
  76  7:50  Drone x4  
  81  7:57  Pneumatized Carapace  
  81  8:05  Hydralisk  
  80  8:09  Overseer  
  80  8:10  Overseer  
  75  8:22  Hydralisk  
  75  8:23  Hydralisk x5  
  86  8:37  Drone  
  86  8:38  Drone x3  
  90  8:56  Roach x3  
  90  8:59  Zerg Missile Weapons Level 1, Zerg Ground Armor Level 1  
  90  9:00  Drone  
  97  9:04  Queen  
  97  9:06  Drone  
  100  9:10  Drone x4  
  100  9:12  Drone x2  
  100  9:16  Queen  
  108  9:19  Drone x2  
  110  9:27  Overlord x2  
  110  9:32  Infestation Pit  
  110  9:34  Drone x2  
  110  9:35  Drone  
  112  9:40  Roach, Extractor  
  112  9:41  Roach  
  115  9:46  Roach x2  
  115  9:48  Roach  
  115  9:50  Roach  
  123  9:57  Drone  
  123  9:58  Roach x2  
  123  9:59  Roach  
  130  10:04  Roach x3  
  121  10:20  Roach x6  
  121  10:21  Roach  
  105  10:22  Zergling x6  
  105  10:26  Hydralisk  
  105  10:27  Hydralisk  
  101  10:33  Hydralisk  
  101  10:34  Hydralisk  
  103  10:39  Hydralisk x2  
  103  10:42  Ravager x4  
  111  10:43  Ravager  
  111  10:47  Drone x3  
  113  10:52  Zergling x6  
  113  10:55  Hydralisk  
  115  11:01  Hydralisk  
  115  11:02  Hydralisk  
  117  11:05  Drone x3  
  117  11:06  Drone  
  117  11:09  Drone  
  117  11:10  Drone x2  
  124  11:13  Queen  
  126  11:20  Hive  
  126  11:22  Drone x2  
  126  11:23  Drone  
  129  11:29  Drone x4  
  133  11:39  Drone x2  
  135  11:45  Extractor  
  135  11:46  Extractor  
  133  11:54  Roach  
  133  11:56  Overlord x2  
  133  11:58  Hatchery, Ravager x2  
  133  12:00  Overlord x4  
  136  12:11  Zerg Ground Armor Level 2, Zerg Missile Weapons Level 2  
  133  12:24  Roach x6  
  126  12:31  Roach x2  
  126  12:32  Zergling x6  
  126  12:35  Roach x4  
  105  12:49  Roach  
  105  12:50  Ravager x2  
  105  12:51  Ravager x2  
  112  12:55  Roach  
  112  12:56  Roach x4  
  118  13:09  Hydralisk  
  120  13:23  Spire  
  120  13:25  Hatchery  
  120  13:26  Roach x3  
  124  13:36  Queen  
  124  13:39  Ravager x3  
  124  13:40  Ravager  
  130  13:48  Hydralisk, Roach x2  
  136  13:57  Drone x2  
  138  14:04  Ultralisk Cavern  
  138  14:06  Extractor  
  138  14:08  Roach  
  138  14:11  Extractor  
Tags
 
Add a new tag
Caveats
  • Supply blocks, unpowered buildings, or Contaminate may cause inaccurate times.
  • Supply counts are checked every 10 seconds.